 Dungeon Crawl Stone Soup version 0.30-a0-297-g0ec75d9ef4 (webtiles) character file.

Game seed: 3230853531005248391

334424 Zonian the Warrior (level 22, -1/187 HPs)
             Began as a Djinni Ice Elementalist on Oct 16, 2022.
             Was a High Priest of Ashenzari.
             Slain by Jory
             ... wielding a +1 glaive of freezing
              (8 damage)
             ... on level 3 of the Vaults on Oct 19, 2022.
             The game lasted 04:05:06 (88201 turns).

Zonian the Warrior (Djinni Ice Elementalist)       Turns: 88201, Time: 04:05:15

Health: -1/187     AC: 23    Str:  9    XL:     22   Next: 82%
Gold:   2265       EV: 25    Int: 27    God:    Ashenzari [*****.] SH: 12 Dex: 25

rFire   + + +      SeeInvis +    p - +8 demon blade (flame)
rCold   . . .      Faith    .    c - +0 buckler of Ashenzari's Discomfort {Range, Self} (curse)
rNeg    . . .      Spirit   .    T - +5 ring mail "Lashed Together" {rF+ rC+, Fort, Melee} (curse)
rPois   ∞          Reflect  +    o - +2 hat "Mistrust of Ashenzari" {Stlth+, Range, Fort} (curse)
rElec   .          Harm     .    u - +1 cloak of the Cryptic Boredom {Evo, Melee} (curse)
rCorr   .          Rampage  .    i - +2 pair of gloves of Ashenzari's Stars {Dex+3, Range, Cun} (curse)
Will    +++..      Clarity  +    (boots unavailable)
Stlth   +++++++++.               n - amulet of the Omniscient Sky {Reflect rF+ Str+2 SH+5 Stlth+, Range, Melee} (curse)
HPRegen 0.51/turn                m - ring of Toth-Mos's Legacy {Will+ AC+4 Dex+3, Self, Melee} (curse)
MPRegen 0.00/turn                d - ring "Chained Vision" {Dex+6, Cun, Self} (curse)

@: flying
A: sickness immunity, fire resistance 3, cold vulnerability 1, float, innate
caster, HP casting, extra vitality 1, horns 1, clumsy 1
}: 2/15 runes: serpentine, barnacled
a: Renounce Religion, Curse Item, Shatter the Chains


You were on level 3 of the Vaults.
You worshipped Ashenzari.
Ashenzari was extremely pleased with you.
You visited 7 branches of the dungeon, and saw 36 of its levels.
You also visited: Wizlab.

You collected 5106 gold pieces.
You spent 2841 gold pieces at shops.

Inventory:

Hand Weapons
 k - a +1 antimagic rapier
 p - a +8 demon blade of flaming (weapon)
 r - the +9 sling "Fieb Tock" {flame, Str+5 Dex+3}
   (You found it on level 4 of the Lair of Beasts)

   Any ammunition fired from it burns those it strikes, dealing additional fire
   damage.
   Str:       It affects your strength (+5).
   Dex:       It affects your dexterity (+3).
 A - a +6 quick blade of draining
 R - a +4 rapier of electrocution
Missiles
 f - 3 javelins
 t - 43 poisoned darts (quivered)
 D - a curare-tipped dart
 V - 4 throwing nets
Armour
 c - the cursed +0 buckler of Ashenzari's Discomfort (worn) {Range, Self}
   (You found it on level 4 of the Dungeon)

   It has a curse which improves the following skills: Ranged Combat: Ranged
   Weapons and Throwing.
   Introspection: Fighting and Spellcasting.
 i - the cursed +2 pair of gloves of Ashenzari's Stars (worn) {Dex+3, Range, Cun}
   (You found it on level 3 of the Elven Halls)

   It has a curse which improves the following skills: Ranged Combat: Ranged
   Weapons and Throwing.
   Cunning:   Dodging and Stealth.
 o - the cursed +2 hat "Mistrust of Ashenzari" (worn) {Stlth+, Range, Fort}
   (You acquired it on level 11 of the Dungeon)

   It has a curse which improves the following skills: Ranged Combat: Ranged
   Weapons and Throwing.
   Fortitude: Armour and Shields.
 u - the cursed +1 cloak of the Cryptic Boredom (worn) {Evo, Melee}
   (You took it off Crazy Yiuf on level 2 of the Dungeon)

   It has a curse which improves the following skills: Evocations: Evocations.
   Melee Combat: Short Blades, Long Blades, Axes, Maces & Flails, Polearms,
   Staves and Unarmed Combat.
 T - the cursed +5 ring mail "Lashed Together" (worn) {rF+ rC+, Fort, Melee}
   (You took it off a gnoll on level 7 of the Dungeon)

   rF:        It protects you from fire.
   rC:        It protects you from cold.
   It has a curse which improves the following skills: Fortitude: Armour and
   Shields.
   Melee Combat: Short Blades, Long Blades, Axes, Maces & Flails, Polearms,
   Staves and Unarmed Combat.
Jewellery
 d - the cursed ring "Chained Vision" (right hand) {Dex+6, Cun, Self}
   (You found it on level 3 of the Dungeon)

   [ring of dexterity]

   Dex:       It affects your dexterity (+6).
   It has a curse which improves the following skills: Cunning: Dodging and
   Stealth.
   Introspection: Fighting and Spellcasting.
 m - the cursed ring of Toth-Mos's Legacy (left hand) {Will+ AC+4 Dex+3, Self, Melee}
   (You took it off a merfolk impaler on level 4 of the Shoals)

   [ring of protection]

   AC:        It affects your AC (+4).
   Dex:       It affects your dexterity (+3).
   Will:      It increases your willpower.
   It has a curse which improves the following skills: Introspection: Fighting
   and Spellcasting.
   Melee Combat: Short Blades, Long Blades, Axes, Maces & Flails, Polearms,
   Staves and Unarmed Combat.
 n - the cursed amulet of the Omniscient Sky (around neck) {Reflect rF+ Str+2 SH+5 Stlth+, Range, Melee}
   (You bought it in a shop on level 3 of the Snake Pit)

   [amulet of reflection]

   It reflects blocked missile attacks.
   Str:       It affects your strength (+2).
   rF:        It protects you from fire.
   SH:        It affects your SH (+5).
   Stlth:     It makes you more stealthy.
   It has a curse which improves the following skills: Ranged Combat: Ranged
   Weapons and Throwing.
   Melee Combat: Short Blades, Long Blades, Axes, Maces & Flails, Polearms,
   Staves and Unarmed Combat.
 C - a +4 ring of evasion
Wands
 g - a wand of light (9)
 F - a wand of flame (55)
 L - a wand of mindburst (3)
 O - a wand of roots (20)
 U - a wand of paralysis (19)
 Z - a wand of digging (3)
Scrolls
 a - 9 scrolls of poison
 b - 15 scrolls of teleportation
 e - 4 scrolls of enchant armour
 j - 5 scrolls of fear
 y - 3 scrolls of magic mapping
 z - a scroll of silence
 B - 3 scrolls of brand weapon
 K - 2 scrolls of butterflies
 Q - 2 scrolls of blinking
Potions
 h - 7 potions of curing
 l - 4 potions of resistance
 q - 6 potions of lignification
 v - 5 potions of invisibility
 w - 3 potions of berserk rage
 E - 4 potions of cancellation
 G - 3 potions of brilliance
 M - 4 potions of haste
 P - 2 potions of might
 Y - 4 potions of ambrosia
Miscellaneous
 s - a lightning rod (3/4)
 I - a tin of tremorstones (1/2)
 J - a condenser vane (inert)
 N - a box of beasts


   Skills:
 + Level 20.4(24.5) Fighting
 - Level 10.8(16.8) Short Blades
 - Level 7.0(14.0) Long Blades
 - Level 9.5(14.9) Ranged Weapons
 - Level 5.0(8.3) Armour
 - Level 17.4(20.6) Dodging
 - Level 14.2(17.6) Stealth
 - Level 3.0(5.9) Shields
 + Level 16.4(20.8) Spellcasting
 - Level 7.9(10.3) Evocations


You had 5 spell levels left.
You knew the following spells:

 Your Spells              Type           Power      Damage    Failure   Level
a - Freeze                Ice            100%       1d10      0%          1
b - Frozen Ramparts       Ice            100%       1d16      0%          3
c - Ozocubu's Armour      Ice            96%        N/A       0%          3
d - Summon Ice Beast      Ice/Summ       96%        N/A       0%          4
e - Apportation           Tloc           100%       N/A       0%          1
f - Scorch                Fire           100%       2d10      0%          2
g - Ensorcelled Hibernat  Hex/Ice        100%       N/A       0%          2
h - Fulminant Prism       Conj/Hex       48%        3d21      0%          4
i - Irradiate             Conj/Tmut      48%        3d27      1%          5
j - Summon Mana Viper     Hex/Summ       96%        N/A       1%          5
k - Starburst             Conj/Fire      48%        6d13      1%          6
l - Ozocubu's Refrigerat  Ice            48%        4d18      1%          7
m - Simulacrum            Ice/Necr       48%        N/A       1%          6
n - Disjunction           Tloc           48%        N/A       5%          8
Your spell library was empty.

Dungeon Overview and Level Annotations

Branches:
Dungeon (15/15)            Temple (0/1) D:7            Lair (5/5) D:11
 Shoals (4/4) Lair:2        Snake (4/4) Lair:2        Slime (0/5) Lair:5
    Orc (2/2) D:12            Elf (3/3) Orc:2        Vaults (3/5) D:14
  Crypt (0/3) Vaults:2     Depths (0/4) D:15         WizLab (visited)

Altars:
Ashenzari
Elyvilon
Fedhas
Gozag
Makhleb
Ru
Trog
Uskayaw
Xom
The Shining One

Shops:
D:2 =   D:5 =   D:7 ?   D:10 *   Orc:2 :[!?   Elf:3 *   Shoals:2 ?   Shoals:3 :
Snake:3 *   Snake:4 =(

Portals:
Abyss: D:5
Pandemonium: Orc:2

Annotations:
D:5 2 transporters, gzilladon's ghost, novice GnFi
D:9 1 exclusion
D:11 Josephine
Snake:2 Arruroer's ghost, journeyman MiAK
Orc:1 exclusion: oklob plant
Elf:2 1 runed translucent door, Olleb's ghost, adept GnWn
Vaults:3 Jory; Mennas


Innate Abilities, Weirdness & Mutations

You are immune to sickness and miasma.
You are immune to poison.
Your flesh is almost immune to the effects of heat. (rF+++)
You are vulnerable to cold. (rC-)
You float through the air rather than walking.
You learn spells naturally, not from books.
Your magical power is your life essence.
You have superior vitality. (+4 MHP)
You have a pair of small horns on your head.
You are clumsy. (Dex -2)


Message History

The vault warden activates a sealing rune.
A door slams shut!
You slice the vault warden!! You burn the vault warden!
The vault warden is severely wounded.
You block the sphinx's attack. The sphinx hits you but does no damage.
You block the sphinx's attack.
The vault warden hits you with a +0 long sword!!
Jory hits you from afar with a +1 glaive of freezing!!
Jory freezes you.
You slash the vault warden! You burn the vault warden.
The vault warden is almost dead.
You block the sphinx's attack. The sphinx misses you.
The sphinx hits you but does no damage.
Unknown command.
You slash the vault warden! You burn the vault warden.
You kill the vault warden!
The runic seal fades away.
Jory barely misses you.
The yaktaur shoots a bolt.
The bolt completely misses you. You block the sphinx's attack.
The sphinx hits you but does no damage. You block the sphinx's attack.
Jory hits you from afar with a +1 glaive of freezing!!
Jory freezes you!
The yaktaur unwields a +0 arbalest.
You block the yaktaur's attack. You block the sphinx's attack.
The sphinx hits you but does no damage. x2
Things that are here:
a +0 long sword; a +0 chain mail of poison resistance Unknown command.
You slash the sphinx! You burn the sphinx.
You headbutt the sphinx, but do no damage.
The sphinx is heavily wounded.
Jory hits you from afar with a +1 glaive of freezing!!!
* * * LOW HITPOINT WARNING * * *
Jory freezes you!
* * * LOW HITPOINT WARNING * * *
As you read the scroll of summoning, it crumbles to dust.
Wisps of shadow whirl around you... You block the sphinx's attack. x2
The sphinx hits you but does no damage. The yaktaur closely misses you.
Jory hits you from afar with a +1 glaive of freezing!!
* * * LOW HITPOINT WARNING * * *
Jory freezes you!
You die...

#..## #.# #...##
*#..#** *
#...>##*#...# ,, ,
#.....##...##,****
#...[)......# +
,*, ,*
#........#..+ , ,
#######+##### *,,+
* #..pG...# , , *
** ** ###@HH### ,,
,,,, , ** #c.V# *
* * ,,, , ,
*...Guu.# , , ,
,,, *#.#.H.#H# , ,
, , ###...### *,
,, * .....,* , ,,,
* , , ** ###### ,
* ** +** * , ** ,


You could see Jory, a sphinx (ally target), a yaktaur (ally target), 2 friendly
great orbs of eyes, 2 friendly ugly things, a friendly wizard (summoned) and 3
friendly harpies.

Vanquished Creatures
  Mara (Snake:3)
  Frederick (Vaults:2)
  A Head Instructor (WizLab)
  Vashnia (Snake:4)
  Nikola (Snake:4)
  2 deep elf blademasters (Elf:3)
  A quicksilver dragon (WizLab)
  2 sphinxes
  Frances (Shoals:1)
  2 deep elf master archers (Elf:3)
  Polyphemus (Shoals:2)
  Agnes (Elf:1)
  Donald (Vaults:1)
  A storm dragon (Shoals:4)
  3 nagarajas
  2 draconian knights (WizLab)
  A fire giant (Vaults:1)
  A vault warden (Vaults:3)
  4 deep elf sorcerers
  3 deep elf elementalists (Elf:3)
  8 ironbound preservers
  A war gargoyle (Vaults:1)
  9 very ugly things
  3 orc warlords
  7 ironbound thunderhulks
  A vampire knight (WizLab)
  Nessos (D:15)
  5 deep elf demonologists (Elf:3)
  6 deep elf annihilators
  3 dire elephants (Vaults:3)
  6 merfolk impalers
  7 merfolk javelineers
  A crystal guardian (Vaults:1)
  9 deep elf death magi (Elf:3)
  An entropy weaver (Vaults:1)
  3 ettins
  A deep elf high priest (Elf:3)
  A fire dragon (Lair:2)
  2 yaktaur captains
  Harold (D:9)
  A vault guard (D:14)
  2 great orbs of eyes (Vaults:2)
  A peacekeeper (Vaults:1)
  3 hydras
  An ice dragon (Lair:5)
  2 merfolk avatars
  4 salamander tyrants (Snake:4)
  2 spriggan air magi (WizLab)
  2 catoblepae
  4 ogre magi
  2 death knights (Vaults:2)
  6 boulder beetles
  3 centaur warriors
  A demonspawn (Orc:2)
  3 alligator snapping turtles
  4 merfolk aquamancers (Shoals:4)
  7 anacondas
  5 ironbound frosthearts
  5 satyrs
  22 dancing weapons
  9 death yaks
  16 naga warriors
  15 two-headed ogres
  A vampire mage (WizLab)
  4 tengu warriors
  3 orc high priests (Orc:2)
  12 shock serpents
  16 naga sharpshooters
  Amaemon (Lair:3)
  18 deep elf knights
  A sixfirhy (Orc:2)
  7 sea snakes
  6 salamander mystics
  30 deep trolls
  10 deep elf archers
  6 naga ritualists
  9 orc knights
  9 lindwurms
  Pikel (D:9)
  9 ironbound convokers
  6 bog bodies (Shoals:1)
  5 harpies
  22 deep elf zephyrmancers
  5 wizards
  8 mana vipers
  21 deep elf pyromancers
  9 fauns
  14 orc sorcerers
  14 manticores
  A wolf spider (Lair:5)
  4 salamanders
  A spectral shock serpent (Snake:2)
  4 cyclopes
  12 elephants
  32 black mambas
  12 ugly things
  2 guardian serpents
  3 merfolk sirens
  Maggie (D:7)
  6 torpor snails (Lair:5)
  10 water nymphs
  A smoke demon (Orc:2)
  An orange demon (Lair:3)
  13 naga magi
  A water nymph (shapeshifter) (Vaults:1)
  9 cane toads
  5 vault sentinels
  2 efreet
  4 gargoyles
  5 kobold demonologists
  4 guardian mummies (D:13)
  2 unseen horrors
  10 komodo dragons
  11 yaktaurs
  5 rime drakes
  A freezing wraith (D:14)
  3 tengu conjurers
  5 trolls
  A hellwing (Orc:2)
  A queen bee (shapeshifter) (D:13)
  11 polar bears
  3 meliai (D:15)
  26 merfolk
  13 wind drakes
  7 hornets
  3 tyrant leeches (Lair:5)
  23 slime creatures
  24 blink frogs
  8 snapping turtles
  2 spectral black mambas (Snake:2)
  3 raiju (Lair:5)
  A jumping spider (Vaults:1)
  9 air elementals
  A centaur simulacrum (D:13)
  2 vampires (D:7)
  4 wraiths
  24 water elementals
  A shadow (D:11)
  6 wyverns
  39 yaks
  Eustachio (D:4)
  Grum (Lair:1)
  A hog (Lair:3)
  4 fire bats (Lair:1)
  6 fire elementals
  2 redbacks (Vaults:1)
  2 chaos spawn (Orc:2)
  7 vampire mosquitoes
  2 basilisks
  Menkaure (D:4)
  9 wargs
  44 nagas
  14 hell hounds (Lair:5)
  A mana viper simulacrum (Snake:2)
  3 acid dragons
  16 water moccasins
  2 spectral nagas (Snake:2)
  Duvessa (D:7)
  An ice beast (D:5)
  48 orc warriors
  A black bear (shapeshifter) (D:15)
  17 black bears
  3 sky beasts
  4 black mamba simulacra (Snake:2)
  11 ogres
  31 wolves
  2 lemures (D:9)
  16 centaurs
  A phantom (D:7)
  2 kobold brigands
  11 bullfrogs
  4 necrophages
  A gnoll sergeant (D:7)
  Blork the orc (D:4)
  5 earth elementals
  3 scorpions
  13 wights
  Dowan (D:7)
  A naga simulacrum (Snake:2)
  17 killer bees
  A howler monkey (D:8)
  4 electric eels (D:15)
  4 lava snakes (Lair:1)
  Crazy Yiuf (D:2)
  33 orc priests
  3 hounds
  5 jellies
  2 iguanas
  Ijyb (D:4)
  Terence (D:3)
  An iguana (shapeshifter) (Vaults:1)
  25 orc wizards
  4 mummies (D:13)
  6 gnolls (D:7)
  8 adders
  A shadow imp (D:7)
  6 white imps
  2 ufetubi
  A worm (D:2)
  A dart slug (D:1)
  98 orcs
  7 endoplasms
  6 giant cockroaches
  8 goblins
  7 hobgoblins
  5 jackals (D:3)
  37 kobolds
  4 quokkas
  5 ball pythons
  2 bats
  A frilled lizard (D:2)
  2 rats
1459 creatures vanquished.

Vanquished Creatures (collateral kills)
  Kirke (Lair:3)
  Fannar (Lair:3)
  An orc high priest (D:14)
  A skeletal warrior (D:12)
  2 lindwurms (Vaults:3)
  An ugly thing (Vaults:2)
  A faun (Shoals:3)
  An elephant (Lair:4)
  A manticore (Shoals:2)
  A cane toad (Lair:3)
  A komodo dragon (Lair:2)
  5 blink frogs
  3 yaks (D:10)
  A kobold brigand (D:10)
  A bullfrog (Lair:3)
  2 kobolds (D:10)
24 creatures vanquished.

Vanquished Creatures (others)
  A nagaraja (Snake:4)
  A merfolk impaler (Shoals:4)
  A deep elf knight (Elf:1)
  2 deep elf pyromancers (Elf:1)
  2 deep elf zephyrmancers (Elf:1)
  A salamander (Snake:4)
  Maurice (D:9)
  An air elemental (Elf:3)
  A bullfrog (Lair:1)
  An orc (Orc:1)
  A fire vortex (Lair:1)
  9 fulminant prisms
  41 fungi
  151 plants
  3 toadstools (D:7)
  2 withered plants (Elf:2)
219 creatures vanquished.

Grand Total: 1702 creatures vanquished

Notes
Turn   | Place    | Note
-------+----------+-------------------------------------------
     0 | D:1      | Zonian the Djinni Ice Elementalist began the quest for the
                  | Orb.
     0 | D:1      | Zonian set off with the following spells memorised: Freeze,
                  | Frozen Ramparts, Ozocubu's Armour, Summon Ice Beast.
     0 | D:1      | Reached XP level 1. HP: 15/15 MP: 0/0
   104 | D:1      | Reached XP level 2. HP: 15/21 MP: 0/0
   776 | D:2      | Reached skill level 1 in Fighting
   776 | D:2      | Reached XP level 3. HP: 22/27 MP: 0/0
   776 | D:2      | Learned a level 1 spell: Apportation
  1274 | D:2      | Reached XP level 4. HP: 23/33 MP: 0/0
  1875 | D:2      | Found a runed translucent door.
  1876 | D:2      | Noticed Crazy Yiuf
  1884 | D:2      | Killed Crazy Yiuf
  1885 | D:2      | Reached skill level 2 in Fighting
  2356 | D:2      | Found Vinapup's Jewellery Emporium.
  2668 | D:3      | Reached skill level 8 in Fighting
  2668 | D:3      | Reached XP level 5. HP: 49/49 MP: 0/0
  2668 | D:3      | Learned a level 2 spell: Scorch
  2846 | D:3      | Found a broken altar of Ashenzari.
  2854 | D:3      | Became a worshipper of Ashenzari the Shackled
  2909 | D:3      | Found a bloodstained altar of Trog.
  3023 | D:3      | Reached XP level 6. HP: 52/55 MP: 0/0
  3192 | D:3      | Noticed Terence
  3199 | D:3      | Killed Terence
  4055 | D:3      | Noticed an ogre
  4097 | D:3      | Found a shimmering altar of Xom.
  4130 | D:3      | Killed an ogre
  4598 | D:4      | Noticed Blork the orc
  4618 | D:4      | Killed Blork the orc
  4619 | D:4      | Reached XP level 7. HP: 25/61 MP: 0/0
  4619 | D:4      | Learned a level 2 spell: Ensorcelled Hibernation
  4748 | D:4      | Noticed Ijyb
  4758 | D:4      | Gained mutation: You have a pair of small antennae on your
                  | head. [potion of mutation]
  4758 | D:4      | Gained mutation: You are clumsy. (Dex -2) [potion of
                  | mutation]
  4776 | D:4      | Killed Ijyb
  5279 | D:4      | Noticed Eustachio
  5655 | D:4      | Found a sacrificial altar of Ru.
  5677 | D:4      | Noticed Menkaure
  6236 | D:4      | Killed Menkaure
  6673 | D:4      | Killed Eustachio
  6674 | D:4      | Reached skill level 1 in Short Blades
  6674 | D:4      | Reached skill level 1 in Shields
  6674 | D:4      | Reached XP level 8. HP: 14/67 MP: 0/0
  7018 | D:5      | Entered Level 5 of the Dungeon
  7322 | D:5      | Found a transporter.
  7336 | D:5      | Reached skill level 9 in Fighting
  7584 | D:5      | Found a one-way gate to the infinite horrors of the Abyss.
  7584 | D:5      | Noticed gzilladon's ghost (novice GnFi)
  7629 | D:5      | Found Giymmo Iwkef's Jewellery Shoppe.
  7694 | D:5      | Reached * piety under Ashenzari
  7702 | D:5      | Found a transporter.
  7706 | D:5      | Identified Lugonu's Discursus on the Compass
  7734 | D:5      | Found a glowing golden altar of the Shining One.
  8835 | D:5      | Reached XP level 9. HP: 64/74 MP: 0/0
  8835 | D:5      | Learned a level 4 spell: Fulminant Prism
  9729 | D:5      | Reached ** piety under Ashenzari
  9808 | D:6      | Identified the +1 pair of boots of Biykku {Harm rPois rN++
                  | MP-9}
 11693 | D:7      | Noticed Duvessa
 11982 | D:7      | Found Kig Bino's Magic Scroll Shop.
 11984 | D:7      | Found a staircase to the Ecumenical Temple.
 11996 | D:7      | Bought a scroll of fear for 44 gold pieces
 12344 | D:7      | Reached skill level 10 in Fighting
 12487 | D:7      | Reached XP level 10. HP: 82/84 MP: 0/0
 13176 | D:7      | Noticed a two-headed ogre
 13461 | D:7      | Killed a two-headed ogre
 13476 | D:7      | Noticed a two-headed ogre
 13483 | D:7      | Noticed a kobold demonologist
 13490 | D:7      | Killed a two-headed ogre
 13491 | D:7      | Reached skill level 11 in Fighting
 13492 | D:7      | Killed a kobold demonologist
 13605 | D:7      | Noticed an unseen horror
 13618 | D:7      | Killed an unseen horror
 13619 | D:7      | Reached XP level 11. HP: 54/92 MP: 0/0
 13619 | D:7      | Learned a level 5 spell: Irradiate
 13630 | D:7      | Identified the +5 ring mail "Ypnid" {rF+ rC+}
 14315 | D:7      | Noticed Dowan
 14317 | D:7      | Killed Dowan
 14327 | D:7      | Killed Duvessa
 14648 | D:7      | Noticed Maggie
 14746 | D:7      | Killed Maggie
 15801 | D:8      | Found a burning altar of Makhleb.
 16113 | D:8      | Reached skill level 1 in Armour
 17194 | D:9      | Noticed Pikel
 17214 | D:9      | Identified the Encyclopedia of Telluric Wicked Liturgies
 17241 | D:9      | Reached skill level 10 in Spellcasting
 17324 | D:9      | Killed Pikel
 17325 | D:9      | Reached skill level 12 in Fighting
 17573 | D:9      | Noticed Harold
 17582 | D:9      | Killed Harold
 18149 | D:9      | Noticed Maurice
 18332 | D:9      | Found a blossoming altar of Fedhas.
 18581 | D:9      | Killed Maurice
 18757 | D:10     | Entered Level 10 of the Dungeon
 18925 | D:10     | Reached XP level 12. HP: 72/101 MP: 0/0
 19105 | D:10     | Found a white marble altar of Elyvilon.
 19138 | D:10     | Noticed a sun demon
 19634 | D:10     | Lost mutation: You are clumsy. (Dex -2) [potion of
                  | mutation]
 19634 | D:10     | Lost mutation: You have a pair of small antennae on your
                  | head. [potion of mutation]
 19634 | D:10     | Gained mutation: You are weak. (Str -2) [potion of
                  | mutation]
 19634 | D:10     | Gained mutation: You are very vulnerable to cold. (rC--)
                  | [potion of mutation]
 19634 | D:10     | Gained mutation: You have a somewhat thin skeletal
                  | structure. (Dex +2, Stealth+) [potion of mutation]
 19670 | D:10     | Noticed a +0 dagger
 19670 | D:10     | Noticed a +0 dagger
 19671 | D:10     | Found a hide-covered altar of Uskayaw.
 19677 | D:10     | Noticed a two-headed ogre
 19691 | D:10     | Killed a two-headed ogre
 19694 | D:10     | Noticed a sixfirhy
 19946 | D:10     | Found Tiji's Changing Room.
 20062 | D:10     | Bought a potion of mutation for 112 gold pieces
 20062 | D:10     | Bought a potion of mutation for 112 gold pieces
 20062 | D:10     | Lost mutation: You have a somewhat thin skeletal structure.
                  | (Dex +2, Stealth+) [potion of mutation]
 20062 | D:10     | Lost mutation: You are very vulnerable to cold. (rC--)
                  | [potion of mutation]
 20062 | D:10     | Lost mutation: You are weak. (Str -2) [potion of mutation]
 20062 | D:10     | Gained mutation: You are clumsy. (Dex -2) [potion of
                  | mutation]
 20062 | D:10     | Gained mutation: You have hidden genetic potential. [potion
                  | of mutation]
 20430 | D:11     | Noticed a boulder beetle
 20445 | D:11     | Killed a boulder beetle
 20446 | D:11     | Reached skill level 5 in Armour
 20858 | D:11     | Identified a scroll of acquirement
 20873 | D:11     | Acquired a +2 hat of stealth
 20885 | D:11     | Reached *** piety under Ashenzari
 21106 | D:11     | Noticed a two-headed ogre
 21117 | D:11     | Killed a two-headed ogre
 21118 | D:11     | Reached skill level 13 in Fighting
 22533 | D:11     | Noticed Josephine
 23097 | D:11     | Found a staircase to the Lair.
 23149 | Lair:1   | Entered Level 1 of the Lair of Beasts
 23540 | Lair:1   | Reached XP level 13. HP: 93/112 MP: 0/0
 23540 | Lair:1   | Learned a level 5 spell: Summon Mana Viper
 23723 | Lair:1   | Noticed Grum
 23739 | Lair:1   | Reached skill level 14 in Fighting
 23743 | Lair:1   | Killed Grum
 24023 | Lair:1   | Gained mutation: You have a pair of small horns on your
                  | head. [hidden potential]
 27906 | Lair:2   | Reached skill level 15 in Fighting
 27906 | Lair:2   | Found a staircase to the Shoals.
 28259 | Lair:2   | Noticed a seven-headed hydra
 28277 | Lair:2   | Killed a seven-headed hydra
 28489 | Lair:2   | Found a staircase to the Snake Pit.
 28811 | Lair:2   | Noticed a fire dragon
 28836 | Lair:2   | Killed a fire dragon
 29294 | Lair:3   | Noticed Fannar
 29308 | Lair:3   | Killed Fannar
 29308 | Lair:3   | Noticed Amaemon
 29326 | Lair:3   | Killed Amaemon
 29327 | Lair:3   | Reached XP level 14. HP: 86/121 MP: 0/0
 29956 | Lair:3   | Reached skill level 5 in Dodging
 30046 | Lair:3   | Gained mutation: Your flesh is almost immune to the effects
                  | of heat. (rF+++) [hidden potential]
 30046 | Lair:3   | Lost mutation: You have hidden genetic potential. [hidden
                  | potential expressed]
 33288 | Lair:3   | Reached skill level 16 in Fighting
 33573 | Lair:4   | Noticed Kirke
 33624 | Lair:3   | Killed Kirke
 33624 | Lair:3   | Identified the cursed +1 cloak of the Cryptic Boredom {Evo,
                  | Melee} (You took it off Crazy Yiuf on level 2 of the
                  | Dungeon)
 33624 | Lair:3   | Identified the cursed +0 buckler of Ashenzari's Discomfort
                  | {Range, Self} (You found it on level 4 of the Dungeon)
 33624 | Lair:3   | Identified the cursed ring "Elitism of Ashenzari" {AC+4,
                  | Self, Fort} (You found it on level 1 of the Dungeon)
 34000 | Lair:4   | Identified the +9 sling "Fieb Tock" {flame, Str+5 Dex+3}
 34788 | Lair:5   | Entered Level 5 of the Lair of Beasts
 34855 | Lair:5   | Found a staircase to the Slime Pits.
 35208 | Lair:5   | Reached XP level 15. HP: 32/129 MP: 0/0
 35208 | Lair:5   | Learned a level 6 spell: Starburst
 36002 | Lair:5   | Found a runed translucent door.
 36809 | Lair:5   | Reached skill level 5 in Stealth
 37231 | Lair:5   | Reached **** piety under Ashenzari
 37629 | Lair:5   | Reached skill level 17 in Fighting
 38868 | Lair:5   | Acquired a +0 quick blade of draining
 40156 | D:12     | Found a staircase to the Orcish Mines.
 41884 | D:13     | Reached skill level 1 in Evocations
 41940 | D:13     | Reached XP level 16. HP: 140/140 MP: 0/0
 44243 | D:14     | Reached skill level 1 in Ranged Weapons
 44496 | D:14     | Found a gate to the Vaults.
 44984 | D:14     | Identified the +6 ring mail of Serendipity {rN+++ rCorr
                  | Str-4 Stlth+}
 45045 | D:14     | Reached skill level 5 in Short Blades
 45627 | D:14     | Reached ***** piety under Ashenzari
 45679 | D:15     | Entered Level 15 of the Dungeon
 46871 | D:15     | Noticed Nessos
 46874 | D:15     | Killed Nessos
 46907 | D:15     | Reached skill level 18 in Fighting
 46923 | D:15     | Found a staircase to the Depths.
 47008 | D:15     | Identified the ring of Kuthameq {MP+9 Int+4 Slay+2}
 47089 | D:15     | Found an opulent altar of Gozag.
 47619 | Orc:1    | Entered Level 1 of the Orcish Mines
 47696 | Orc:1    | Reached XP level 17. HP: 100/151 MP: 0/0
 47696 | Orc:1    | Learned a level 7 spell: Ozocubu's Refrigeration
 48569 | D:7      | Bought a scroll of fear for 44 gold pieces
 48569 | D:7      | Bought a scroll of teleportation for 33 gold pieces
 48569 | D:7      | Bought a scroll of teleportation for 33 gold pieces
 48569 | D:7      | Bought a scroll of enchant weapon for 82 gold pieces
 48716 | Orc:2    | Entered Level 2 of the Orcish Mines
 49114 | Orc:2    | Found a staircase to the Elven Halls.
 49756 | Orc:2    | Found Wyengyal's Distillery.
 49758 | Orc:2    | Found Voleidd's Magic Scroll Emporium.
 49772 | Orc:2    | Bought a scroll of teleportation for 42 gold pieces
 49982 | Orc:2    | Paralysed by an orc sorcerer for 5 turns
 50556 | Orc:2    | Reached skill level 5 in Ranged Weapons
 50688 | Orc:2    | Found Luxzemme's Antique Armour Boutique.
 50688 | Orc:2    | Found a one-way gate leading to the halls of Pandemonium.
 50688 | Orc:2    | Found Vaoqomim's Book Shop.
 50704 | Orc:2    | Bought a manual of Dodging for 1200 gold pieces
 51509 | Snake:1  | Entered Level 1 of the Snake Pit
 53333 | Snake:1  | Reached skill level 10 in Dodging
 53871 | Snake:2  | Found a runed translucent gate.
 53871 | Snake:2  | Found a runed translucent gate.
 53871 | Snake:2  | Found a runed translucent gate.
 53878 | Snake:2  | Noticed Arruroer's ghost (journeyman MiAK)
 54439 | Snake:2  | Reached XP level 18. HP: 158/158 MP: 0/0
 56054 | Snake:3  | Found Xips's General Store.
 56069 | Snake:3  | Bought a potion of haste for 150 gold pieces
 56069 | Snake:3  | Bought the amulet of Wishful Thinking {Reflect rF+ Str+2
                  | SH+5 Stlth+} for 765 gold pieces
 56069 | Snake:3  | Bought a scroll of enchant weapon for 112 gold pieces
 56237 | Snake:3  | Noticed Mara
 56238 | Snake:3  | Noticed Zonian's illusion
 56944 | Snake:3  | Noticed Zonian's illusion
 56945 | Snake:3  | Killed Mara
 57811 | Snake:4  | Entered Level 4 of the Snake Pit
 57811 | Snake:4  | Found Xorod's Antique Weapon Emporium.
 57821 | Snake:4  | Found Udompawe's Jewellery Shoppe.
 57889 | Snake:4  | Noticed Vashnia
 58460 | Snake:4  | Killed Vashnia
 59391 | Snake:4  | Reached skill level 10 in Stealth
 60592 | Snake:4  | Noticed Nikola
 60602 | Snake:4  | Killed Nikola
 61055 | Snake:4  | Reached XP level 19. HP: 150/162 MP: 0/0
 61055 | Snake:4  | Learned a level 6 spell: Simulacrum
 61532 | Snake:4  | Got a serpentine rune of Zot
 61984 | Shoals:1 | Entered Level 1 of the Shoals
 62108 | Shoals:1 | Noticed Frances
 62130 | Shoals:1 | Identified the ring of Xom's Flight of Fancy {rElec rPois
                  | rC+ Str-5 Int+3}
 62141 | Shoals:1 | Killed Frances
 63036 | Shoals:1 | Upgraded the game from 0.30-a0-279-g4b46babb21 to
                  | 0.30-a0-292-g0f741e3f8e
 63527 | Shoals:2 | Found a white marble altar of Elyvilon.
 64180 | Shoals:2 | Found Byprocky's Magic Scroll Emporium.
 64195 | Shoals:2 | Bought a scroll of blinking for 112 gold pieces
 64299 | Shoals:2 | Reached skill level 15 in Dodging
 64521 | Shoals:2 | Noticed Polyphemus
 64534 | Shoals:2 | Killed Polyphemus
 65355 | Shoals:3 | Found Kuaptaso's Vocational Training.
 66554 | Shoals:4 | Entered Level 4 of the Shoals
 66583 | Shoals:4 | Paralysed by an air elemental for 1 turns
 66695 | Shoals:4 | Identified the ring "Hyofoegi" {Fire rN+ Dex+2}
 67689 | Shoals:4 | Identified the +8 spear "Tec Vosufra" {flame, rCorr}
 67689 | Shoals:4 | Identified the ring "Paecusch" {Will+ AC+4 Dex+3}
 67705 | Shoals:4 | Paralysed by an air elemental for 1 turns
 67712 | Shoals:4 | Reached skill level 10 in Short Blades
 68199 | Shoals:4 | Paralysed by an air elemental for 1 turns
 68361 | Shoals:4 | Identified the +0 chain mail "Ciblaeq" {rPois Regen+ Int-2
                  | Dex+4}
 69016 | Shoals:4 | Reached XP level 20. HP: 49/166 MP: 0/0
 69472 | Shoals:4 | Got a barnacled rune of Zot
 69576 | Shoals:4 | Paralysed by an air elemental for 1 turns
 69864 | Shoals:4 | Reached skill level 1 in Long Blades
 69864 | Shoals:4 | Reached skill level 5 in Evocations
 70934 | Elf:1    | Entered Level 1 of the Elven Halls
 71848 | Elf:1    | Identified the Book of Concussion
 72552 | Elf:1    | Reached skill level 5 in Long Blades
 72581 | Elf:1    | Noticed Agnes
 72587 | Elf:1    | Killed Agnes
 74259 | Elf:2    | Found a runed translucent gate.
 74260 | Elf:2    | Found a runed translucent gate.
 74260 | Elf:2    | Found a runed translucent gate.
 74331 | Elf:2    | Found a runed translucent door.
 74331 | Elf:2    | Noticed Olleb's ghost (adept GnWn)
 74767 | Elf:3    | Entered Level 3 of the Elven Halls
 75394 | Elf:3    | Found Ecwo's Assorted Antiques.
 75451 | Elf:3    | Paralysed by an air elemental for 1 turns
 75453 | Elf:3    | Reached XP level 21. HP: 57/175 MP: 0/0
 75453 | Elf:3    | Learned a level 8 spell: Disjunction
 76396 | Elf:3    | Identified the amulet of Greater Demons {Spirit Dex+3}
 76964 | Elf:3    | Identified the +6 plate armour "Mirhy" {Harm rElec rPois
                  | Str+2}
 77116 | Elf:3    | Identified the ring of Awe {Ice Will+}
 77747 | Elf:3    | Identified the ring "Doplitt" {AC+4 Int+4}
 77751 | Elf:3    | Identified the +5 war axe of Laceration {protect, *Corrode
                  | rF- Str+7 Stlth+}
 77831 | Elf:3    | Paralysed by an air elemental for 1 turns
 78063 | Elf:3    | Identified the +4 spear of Detz {vorpal, Drain Will- Int+8
                  | SInv}
 78559 | Elf:3    | Identified the Guide on the Union and Unhallowed Rites
 78577 | Elf:3    | Identified Taih's Octavo of the Black Widow and Assembling
 78666 | Elf:3    | Identified the +0 ring mail "Zerujaro" {Regen+ Dex+4}
 79317 | Vaults:1 | Entered Level 1 of the Vaults
 79447 | Vaults:1 | Noticed Donald
 79467 | Vaults:1 | Killed Donald
 79680 | Vaults:1 | Reached skill level 15 in Spellcasting
 79961 | Vaults:1 | Found a magical portal.
 79983 | WizLab   | Entered Yara's Duelist Academy
 80864 | WizLab   | Noticed Cuqapoil
 80874 | WizLab   | Killed Cuqapoil the Head Instructor
 81171 | WizLab   | Reached skill level 19 in Fighting
 81480 | WizLab   | Identified Yara's Lectures on Beguiling
 81776 | Vaults:1 | Reached XP level 22. HP: 73/184 MP: 0/0
 83593 | Vaults:2 | Noticed Frederick
 83609 | Vaults:2 | Killed Frederick
 84326 | Vaults:2 | Identified the +1 robe "Yfiem" {Stlth+}
 85288 | Vaults:2 | Reached skill level 20 in Fighting
 85821 | Vaults:2 | Found a staircase to the Crypt.
 86047 | Vaults:2 | Upgraded the game from 0.30-a0-292-g0f741e3f8e to
                  | 0.30-a0-297-g0ec75d9ef4
 86772 | Vaults:3 | Noticed Mennas
 88182 | Vaults:3 | Noticed Jory
 88201 | Vaults:3 | HP: 7/187 [Jory/+1 glaive of freezing (18)]
 88201 | Vaults:3 | Slain by Jory

Illustrated notes

Levels and vault maps discovered:
D:1:      dpeg_arrival_rooms_with_view, layout_rooms
D:2:      minmay_general_purpose_star, layout_loops_cross, serial_shops,
          nicolae_lakefront_shop, uniq_crazy_yiuf_cottage
D:3:      layout_loops_corners, overflow_temple_1_default,
          mainiacjoe_overflow_cross_hatched, mainiacjoe_overflow_alcove_4,
          minmay_fractal_squares_5, uniq_terence
D:4:      layout_basic, mainiacjoe_overflow_small_starburst, kennysheep_mini,
          uniq_blork_the_orc, uniq_ijyb, uniq_menkaure, uniq_eustachio
D:5:      kennysheep_kobold_camp, layout_loops_ring,
          mainiacjoe_overflow_catwalk, serial_shops, shop,
          gammafunk_ghost_abyssal_escape, minivault_23
D:6:      layout_gridville
D:7:      minmay_the_grid_triangle_9x9_rhombus_full
          [minmay_the_grid_triangle_9x9_flanged_cone,
          minmay_the_grid_triangle_9x9_zippers_horizontal,
          minmay_the_grid_triangle_9x9_pentomino_pain,
          minmay_the_grid_triangle_9x9_limited_checkers,
          minmay_the_grid_triangle_9x9_stretched_checkered,
          minmay_the_grid_triangle_9x9_zippers_vertical,
          minmay_the_grid_triangle_9x9_longest,
          minmay_the_grid_triangle_9x9_prize_schism], layout_basic,
          minmay_temple_entry_drinking_statues, nicolae_stop_n_shop_2,
          minmay_gold_behind_fungi, amcnicky_mini_rare_corridor_liquid,
          minmay_misc_feat_diagonals, hangedman_decor_lopped,
          corexii_leaking_fountain, grunt_ministairs_12, uniq_duvessa,
          uniq_maggie
D:8:      layout_cave_pods, bloody_makhleb, serial_bayou_crossing
D:9:      layout_roguey, fedhas_bush_and_centaur_altar, uniq_harold,
          uniq_maurice, uniq_pikel
D:10:     layout_big_octagon, mainiacjoe_overflow_surrounded_room,
          elyvilon_altar_4, dancing_weapons_uskayaw, nicolae_transmutations_shop
D:11:     nicolae_BIG_FREAKIN_CUBE, layout_gridville, minmay_misc_feat_five,
          kennysheep_orc_sif_temple, uniq_josephine
D:12:     minmay_angry_zag, layout_stronghold, orc_0_dummy, minivault_10,
          corexii_checkpoint_a
D:13:     layout_gridville, minmay_guarded_unrand_curses
D:14:     orc_temple, layout_rooms, david_vaults_5, grunt_decor_resistance
D:15:     hangedman_depths_entry_civil_slaughter, layout_basic,
          hex_intersection, glass_columns_a,
          nicolae_gozag_cash_rules_everything_around_me, uniq_nessos
Lair:1:   layout_chaotic_city, nzn_sisyphean_effort, uniq_grum
Lair:2:   dragon1_lemuel, layout_cave_shapes, shoals_dummy_entry,
          minmay_snake_entry_spellcaster
Lair:3:   layout_regular_city, beast_lair_carwin_6, uniq_amaemon, uniq_fannar
Lair:4:   layout_big_grid, uniq_kirke
Lair:5:   hangedman_lair_caniforms_friends, layout_hall_layers, wormcave,
          slime_entry_1
Shoals:1: layout_shoals, nicolae_shoals_secluded_bog, uniq_frances
Shoals:2: layout_shoals, serial_shops, nicolae_shop_window_shopping,
          lemuel_altar_in_water, uniq_polyphemus
Shoals:3: layout_shoals, nicolae_shop_vocational
Shoals:4: shoals_end_hellmonk_storm_palace [storm_palace_center_circular,
          storm_palace_corner_pillars, storm_palace_corner_grid,
          storm_palace_corner_pillars, storm_palace_corner_narrow]
Snake:1:  layout_onion, special_room, drop_trap, grunt_megastairs_1,
          lemuel_fruit_tree
Snake:2:  layout_rooms, gammafunk_ghost_necromancy
Snake:3:  layout_layer_cave, serial_shops, nicolae_square_shop, uniq_mara
Snake:4:  minmay_snake_end_coiled, layout_onion, minmay_shoptagon, uniq_vashnia,
          uniq_nikola
Orc:1:    layout_caves, basic_altar, mines3_lemuel
Orc:2:    pf_orc_diabolical, layout_diamond_mine
Elf:1:    eino_elf_arrival_sip, layout_geoelf_octagon, minmay_elf_annihilation,
          uniq_agnes
Elf:2:    nicolae_elf_blades_crystal_corner, layout_gridlike,
          gammafunk_ghost_grave, nrook_uturn
Elf:3:    grunt_elf_hall_branching, layout_geoelf_octagon, serial_shops,
          nicolae_shop_overgrown_old_shop
Vaults:1: infiniplex_enter_wizlab_glasses, nicolae_vaults_theta,
          v_alt_pattern_4, vaults_mumra_chevron_long, v_misc_2,
          hangedman_vaults_locks, nicolae_vaults_asterisk, v_rooms_4,
          hangedman_vaults_corner, dpeg_vaults_waves, v_misc_14,
          nicolae_vaults_little_squares_6, layout_vaults_big_room, uniq_donald
Vaults:2: nicolae_vaults_puzzle_piece, hangedman_vaults_slither,
          vaults_dpeg_ring, v_misc_8, v_misc_10, vaults_room_fours,
          vaults_room_pool, serial_ice_b, blue_anna_dwarven_crypt,
          layout_vaults_omnigrid, uniq_frederick
Vaults:3: hangedman_vaults_slice, vaults_dpeg_spiral, v_pattern_3,
          vaults_dpeg_hooks, vaults_dpeg_emergency_exit,
          hangedman_vaults_impose, grunt_vaults_funnel, v_misc_25,
          ontoclasm_vaults_pinch, nicolae_vaults_angled_halls,
          ontoclasm_vaults_chip, dpeg_vaults_monster_box, vaults_room_fours,
          v_misc_16, ontoclasm_vaults_decontamination, vaults_room_semicircle,
          layout_vaults_maze_snakey, uniq_mennas, uniq_jory, uniq_aizul,
          uniq_sojobo

Skill      XL: |  1  2  3  4  5  6  7  8  9 10 11 12 13 14 15 16 17 18 19 20 21 22 |
---------------+-------------------------------------------------------------------+-----
Fighting       | 1 8 9 10 11 12 13 15 16 17 18 19 20 | 20.4
Spellcasting   | 7 8 9 10 11 12 13 14 15 16 | 16.4
Short Blades   | 1 2 3 5 10 | 10.8
Shields        | 1 2 3 |  3.0
Armour         | 3 5 |  5.0
Dodging        | 4 6 11 13 15 16 17 | 17.4
Stealth        | 3 6 7 12 13 14 | 14.2
Evocations     | 1 4 7 |  7.9
Ranged Weapons | 1 7 9 |  9.5
Long Blades    | 7 |  7.0

Action                   |  1- 3 |  4- 6 |  7- 9 | 10-12 | 13-15 | 16-18 | 19-21 | 22-24 || total
-------------------------+-------+-------+-------+-------+-------+-------+-------+-------++-------
Melee: Unarmed           |     3 |       |       |       |     3 |       |       |       ||     6
       Short sword       |    17 |    61 |    43 |       |       |       |       |       ||   121
       Dagger            |       |       |   213 |   404 |  1004 |     9 |       |       ||  1630
       Headbutt          |       |       |       |       |   447 |   547 |   258 |   198 ||  1450
       Quick blade       |       |       |       |       |   261 |  1653 |   348 |   247 ||  2509
       Rapier            |       |       |       |       |       |       |   299 |       ||   299
       Demon blade       |       |       |       |       |       |       |   116 |   249 ||   365
 Fire: Sling             |       |       |       |       |    10 |   442 |  1062 |    83 ||  1597
Throw: Dart              |       |    17 |    33 |    55 |    67 |    51 |       |       ||   223
       Throwing net      |       |       |       |       |     2 |       |     2 |       ||     4
 Cast: Freeze            |    35 |    11 |       |    13 |     2 |       |       |       ||    61
       Frozen Ramparts   |       |     5 |    21 |    31 |    63 |    34 |    13 |     2 ||   169
       Ozocubu's Armour  |       |     1 |       |     1 |    20 |     5 |     2 |     1 ||    30
       Scorch            |       |       |    41 |   154 |    85 |    41 |     4 |     4 ||   329
       Ensorcelled Hiber |       |       |     1 |       |     4 |     2 |     6 |       ||    13
       Summon Ice Beast  |       |       |       |     3 |     9 |     1 |     2 |       ||    15
       Fulminant Prism   |       |       |       |     1 |     3 |       |     2 |     3 ||     9
       Irradiate         |       |       |       |     1 |    13 |    15 |    11 |     5 ||    45
       Summon Mana Viper |       |       |       |       |     7 |     3 |     3 |       ||    13
       Starburst         |       |       |       |       |       |    28 |     8 |       ||    36
       Ozocubu's Refrige |       |       |       |       |       |    34 |    90 |    11 ||   135
       Simulacrum        |       |       |       |       |       |       |     3 |     4 ||     7
       Apportation       |       |       |       |       |       |       |     1 |       ||     1
       Disjunction       |       |       |       |       |       |       |       |     1 ||     1
Invok: Curse Item        |       |     1 |     2 |     2 |     1 |     2 |     1 |     1 ||    10
       Shatter the Chain |       |       |       |       |       |     1 |     1 |       ||     2
Evoke: Wand              |       |       |     3 |     3 |    13 |     7 |     6 |       ||    32
       Box of beasts     |       |       |       |       |     2 |       |       |       ||     2
       Tin of tremorston |       |       |       |       |     3 |     2 |     1 |     1 ||     7
       Lightning rod     |       |       |       |       |       |       |       |     1 ||     1
       Condenser vane    |       |       |       |       |       |       |       |     1 ||     1
  Use: Scroll            |       |    10 |     4 |     3 |    11 |     7 |     8 |     6 ||    49
       Potion            |       |     1 |     4 |     4 |     3 |     1 |     9 |     5 ||    27
 Stab: Sleeping          |       |     5 |     4 |     1 |    12 |    28 |    34 |    13 ||    97
       Distracted        |       |       |     1 |     2 |     2 |     4 |     1 |     4 ||    14
       Invisible         |       |       |       |       |     3 |       |       |       ||     3
       Paralysed         |       |       |       |       |       |     1 |       |       ||     1
       Held in net/web   |       |       |       |       |       |       |     2 |       ||     2
Armor: Robe              |     6 |    24 |    79 |    14 |       |       |       |       ||   123
       Ring mail         |       |       |       |   172 |   500 |   283 |   171 |    87 ||  1213
Dodge: Dodged            |    24 |    54 |   141 |   187 |   497 |   404 |   546 |   266 ||  2119
Block: Buckler           |       |       |    47 |   245 |   701 |   498 |   406 |   166 ||  2063
       Reflection        |       |       |       |    15 |     5 |    60 |    66 |     3 ||   149
       Other             |       |       |       |       |     1 |       |       |       ||     1

Table legend: (Time is in decaauts)
 A = Elapsed time spent in this place.
 B = Non-inter-level travel time spent in this place.
 C = Inter-level travel time spent in this place.
 D = Time resting spent in this place.
 E = Time spent auto-exploring this place.
 F = Levels seen in this place.
 G = Mean time per level.
                   A        B        C        D        E       F      G
               +--------+--------+--------+--------+--------+-----+--------+
         Total |  85919 |  82879 |   3040 |  46003 |  20811 |  37 | 2322.1 |
       Dungeon |  30961 |  29440 |   1521 |  15562 |   8993 |  15 | 2064.1 |
          Lair |  16476 |  15967 |    509 |   9909 |   3121 |   5 | 3295.2 |
        Shoals |   8533 |   8346 |    187 |   4462 |   2227 |   4 | 2133.2 |
     Snake Pit |   9960 |   9702 |    258 |   5603 |   2372 |   4 | 2490.0 |
  Orcish Mines |   3475 |   3272 |    203 |   1425 |   1012 |   2 | 1737.5 |
   Elven Halls |   8011 |   7879 |    132 |   4869 |   1173 |   3 | 2670.3 |
        Vaults |   6834 |   6606 |    228 |   3182 |   1815 |   3 | 2278.0 |
        Wizlab |   1665 |   1665 |      0 |    988 |     98 |   1 | 1665.0 |
               +--------+--------+--------+--------+--------+-----+--------+

Top non-repeatable levels by time:
  Lair:3: 4681 daAuts
  Lair:5: 4308 daAuts
   Elf:3: 4101 daAuts
Shoals:4: 4048 daAuts
     D:7: 3583 daAuts
Vaults:2: 3487 daAuts
  Lair:1: 3467 daAuts
 Snake:3: 2968 daAuts
    D:11: 2861 daAuts
 Snake:4: 2751 daAuts
     D:4: 2627 daAuts
  Lair:2: 2615 daAuts
   Orc:2: 2560 daAuts
     D:6: 2474 daAuts
 Snake:1: 2445 daAuts
